 Dungeon Crawl Stone Soup version 0.17-a0-1667-g4ca74a1 (webtiles) character file.

856 Kelyas the Covert (level 7, -4/33 HPs)
             Began as a Spriggan Enchanter on Aug 18, 2015.
             Was an Initiate of Gozag.
             Killed from afar by an orc wizard (11 damage)
             ... with a magic dart
             ... on level 5 of the Dungeon.
             The game lasted 00:16:30 (3309 turns).

Kelyas the Covert (Spriggan Enchanter)              Turns: 3309, Time: 00:16:30

Health: -4/33      AC:  5    Str:  5    XL:     7   Next: 70%
Magic:  7/15       EV: 18    Int: 16    God:    Gozag
Gold:   140        SH:  0    Dex: 18    Spells: 4 memorised, 6 levels left

rFire  . . .     SeeInvis +     i - +2 dagger (speed)
rCold  + + .     Clarity  .     j - +2 robe {rC+}
rNeg   . . .     SustAt   .     (shield restricted)
rPois  .         Gourm    .     (helmet restricted)
rElec  .         Spirit   .     m - +0 cloak
rCorr  .         Warding  .     (gloves unavailable)
rMut   .         Stasis   .     (boots unavailable)
MR     +....                    (no amulet)
Stlth  +++++.....               (no ring)
                                B - ring of protection from cold

@: very slightly contaminated, very quick, somewhat resistant to hostile
enchantments, quite stealthy
A: unfitting armour, see invisible, herbivore 3, speed 3, slow metabolism 2
a: Potion Petition, Call Merchant, Bribe Branch, Renounce Religion


You were on level 5 of the Dungeon.
You worshipped Gozag.
Gozag was noncommittal.
You were not hungry.

You visited 1 branch of the dungeon, and saw 5 of its levels.

You collected 225 gold pieces.
You paid 85 gold pieces to Gozag.

Inventory:

Hand weapons
 e - a cursed -1 hunting sling
 i - a +2 dagger of speed (weapon)
 v - a +0 blowgun
Missiles
 q - 16 poisoned needles
 u - 8 tomahawks (quivered)
 C - 3 curare-tipped needles
Armour
 j - a +2 robe of cold resistance (worn)
 k - a +0 buckler
 m - a +0 cloak (worn)
Jewellery
 p - an uncursed amulet of guardian spirit
 B - a ring of protection from cold (left hand)
Magical devices
 F - a wand of lightning (4)
Scrolls
 a - a scroll of immolation {unknown}
 b - a scroll of teleportation {unknown}
 g - a scroll of fear {unknown}
 l - 3 scrolls of recharging {unknown}
 s - 5 scrolls of remove curse {unknown}
 x - a scroll of blinking {unknown}
 y - a scroll of amnesia {unknown}
Potions
 f - a potion of lignification {unknown}
 h - 2 potions of brilliance
 n - a potion of invisibility {unknown}
 o - a potion of heal wounds {unknown}
 r - a potion of curing {unknown}
 t - 2 potions of might {unknown}
 z - a potion of poison {unknown}
 A - 2 potions of mutation {unknown}
 D - a potion of haste {unknown}
 E - a potion of degeneration {unknown}
Books
 c - a book of Maledictions

   Spells                             Type                      Level
   a - Corona                         Hexes                        1
   b - Ensorcelled Hibernation        Hexes/Ice                    2
   c - Confuse                        Hexes                        3
   d - Tukima's Dance                 Hexes                        3
   e - Dazzling Spray                 Conjuration/Hexes            3
 w - a Necronomicon

   Spells                             Type                      Level
   a - Haunt                          Necromancy/Summoning         7
   b - Borgnjor's Revivification      Necromancy                   8
   c - Death's Door                   Charms/Necromancy            8
   d - Necromutation                  Transmutation/Necromancy     8
Comestibles
 d - 3 bread rations


   Skills:
 + Level 1.2 Fighting
 * Level 4.9 Short Blades
 - Level 3.0 Dodging
 + Level 8.4 Stealth
 + Level 4.7 Spellcasting
 + Level 5.5 Hexes
 - Level 2.0 Ice Magic


You had 6 spell levels left.
You knew the following spells:

 Your Spells              Type           Power        Failure   Level  Hunger
a - Corona                Hex            ###....      1%          1    None
b - Confuse               Hex            ###.....     6%          3    ###....
c - Ensorcelled Hibernat  Hex/Ice        ###...       8%          2    ##.....
d - Dazzling Spray        Conj/Hex       ##......     17%         3    ###....


Dungeon Overview and Level Annotations

Branches:
Dungeon (5/15)
 Temple: D:4-7

Altars:
Gozag
Qazlal


Innate Abilities, Weirdness & Mutations

You are tiny and cannot use many weapons and most armour.
You have supernaturally acute eyesight.
You are a herbivore.
You cover ground extremely quickly.
You need consume almost no food.


Message History

* * * LOW HITPOINT WARNING * * *
Casting: Ensorcelled Hibernation
Confirm with . or Enter, or press ? or * to list all spells.
Aiming: Ensorcelled Hibernation
Press: ? - help, Shift-Dir - straight line, f/p - orc wizard
Aim: an orc wizard, wielding a dagger and wearing a robe (fast, chance to defeat MR: 46%)
The orc wizard resists with some effort.
The orc wizard mumbles some strange words.
The orc wizard blinks!
Casting: Ensorcelled Hibernation
Confirm with . or Enter, or press ? or * to list all spells.
Aiming: Ensorcelled Hibernation
Press: ? - help, Shift-Dir - straight line, f/p - orc wizard
Aim: an orc wizard, wielding a dagger and wearing a robe (fast, chance to defeat MR: 46%)
The orc wizard resists with some effort.
The orc wizard looks braver for a moment.
The orc wizard points at you and mumbles some strange words.
The magic dart hits you!
You die...
Your body crumbles into a pile of gold.

######### #.......###
#.......o.#
##.......#.#
.........#.#
#.......#.# #.......#o#
#.......#.# ####.#@##.#
#.#.##o#########
#.#.............
##......#.####### #####
#.......#.# ...#
#.#...$.#.##### #
#.#######.##..........#
#
#.......>.#######.###.#
#####.######### #o#


You could see an orc wizard (invisible).

Vanquished Creatures
  Sigmund (D:4)
  A centaur (D:5)
  2 scorpions (D:5)
  2 orc priests (D:4)
  3 orc wizards (D:4)
  Jessica (D:2)
  A centaur skeleton (D:4)
  3 iguanas (D:4)
  2 worker ants
  A hound skeleton (D:5)
  6 gnolls (D:3)
  6 adders
  3 oozes
  A worm (D:3)
  3 giant geckos
  4 orcs (D:4)
  A ball python (D:4)
  4 bats
  A giant cockroach (D:2)
  12 goblins
  6 hobgoblins
  15 jackals
  6 kobolds
  2 quokkas (D:3)
  2 giant newts
  A quokka skeleton (D:4)
  7 rats
97 creatures vanquished.

Notes
Turn   | Place    | Note
--------------------------------------------------------------
     0 | D:1      | Kelyas the Spriggan Enchanter began the quest for the Orb.
     0 | D:1      | Reached XP level 1. HP: 9/9 MP: 5/5
   488 | D:1      | Reached XP level 2. HP: 13/13 MP: 4/6
   555 | D:1      | Learned a level 2 spell: Ensorcelled Hibernation
   886 | D:2      | Reached XP level 3. HP: 14/16 MP: 8/8
   893 | D:2      | Reached skill level 5 in Stealth
  1156 | D:2      | Reached XP level 4. HP: 13/21 MP: 5/10
  1265 | D:2      | Noticed a water elemental
  1267 | D:2      | Found a stormy altar of Qazlal.
  1269 | D:2      | Noticed an air elemental
  1270 | D:2      | Noticed a fire elemental
  1270 | D:2      | Noticed an earth elemental
  1323 | D:2      | Noticed Jessica
  1328 | D:2      | Killed Jessica
  1346 | D:2      | Learned a level 3 spell: Confuse
  1350 | D:2      | Learned a level 3 spell: Dazzling Spray
  1409 | D:3      | Reached skill level 6 in Stealth
  1409 | D:3      | Reached skill level 1 in Ice Magic
  1491 | D:3      | Reached XP level 5. HP: 16/24 MP: 6/11
  2361 | D:4      | Reached XP level 6. HP: 17/28 MP: 1/13
  2500 | D:4      | Reached skill level 7 in Stealth
  2618 | D:4      | Reached skill level 5 in Hexes
  2821 | D:4      | Noticed Sigmund
  2825 | D:4      | Killed Sigmund
  2825 | D:4      | Reached XP level 7. HP: 28/32 MP: 11/14
  3192 | D:5      | Entered Level 5 of the Dungeon
  3194 | D:5      | Reached skill level 1 in Fighting
  3194 | D:5      | Reached skill level 8 in Stealth
  3210 | D:5      | Found an opulent altar of Gozag.
  3217 | D:5      | Became a worshipper of Gozag Ym Sagoz the Greedy
  3309 | D:5      | Killed from afar by an orc wizard

Vault maps used:
D:1:      dpeg_arrival_round_c
D:2:      nicolae_qazlal_style_of_elements, eino_curves_03, uniq_jessica
D:4:      uniq_sigmund
D:5:      lemuel_ratsnest, overflow_temple_1_default, lemuel_crystal_altar,
          first_bread

Action                   |  1- 3 |  4- 6 |  7- 9 || total
-------------------------+-------+-------+-------++-------
Melee: Dagger            |    93 |   151 |    24 ||   268
 Cast: Corona            |     4 |     2 |       ||     6
       Ensorcelled Hiber |     4 |    29 |     3 ||    36
       Confuse           |       |       |     1 ||     1
  Use: Scroll            |       |     3 |       ||     3
 Stab: Sleeping          |    11 |    26 |    10 ||    47
       Confused          |       |       |     1 ||     1
  Eat: Pizza             |       |     1 |       ||     1
